 Dungeon Crawl Stone Soup version 0.20-a0-738-gb057e68 (webtiles) character file.

78 esteth the Ruffian (level 4, -1/35 HPs)
             Began as a Draconian Transmuter on Feb 23, 2017.
             Slain by Grinder (11 damage)
             ... on level 3 of the Dungeon.
             The game lasted 00:03:35 (2108 turns).

esteth the Ruffian (Draconian Transmuter)           Turns: 2108, Time: 00:03:36

Health: -1/35      AC:  8    Str: 13    XL:     4   Next: 15%
Magic:  7/7        EV: 17    Int: 14    God:
Gold:   75         SH:  0    Dex: 16    Spells: 4/7 levels left

rFire    . . .     SeeInvis .     - Unarmed
rCold    . . .     Gourm    .   (armour unavailable)
rNeg     . . .     Faith    .   (no shield)
rPois    .         Spirit   .   (helmet restricted)
rElec    .         Reflect  .   (no cloak)
rCorr    .         Harm     .   g - +2 pair of gloves
MR       .....                  (no boots)
Stlth    ++........             (no amulet)
Regen    0.2/turn               (no ring)
MPRegen  0.1/turn               (no ring)

@: agile, very slightly contaminated
A: unfitting armour, cold-blooded, AC +5
a: no special abilities


You were on level 3 of the Dungeon.
You were not hungry.

You visited 1 branch of the dungeon, and saw 3 of its levels.

You collected 75 gold pieces.

Inventory:

Missiles
 a - 12 arrows
Armour
 g - a +2 pair of gloves (worn)
Scrolls
 e - 2 scrolls of identify
 h - a scroll of fog
Books
 b - a book of Changes

   Spells                             Type                      Level
   a - Beastly Appendage              Transmutation                1
   b - Sticks to Snakes               Transmutation                2
   c - Spider Form                    Transmutation/Poison         3
   d - Ice Form                       Ice/Transmutation            4
   e - Blade Hands                    Transmutation                5
Comestibles
 c - 3 bread rations
 d - a chunk of flesh
 f - 5 fruits
 j - a meat ration


   Skills:
 - Level 1.1 Fighting
 - Level 1.7 Dodging
 - Level 5.0 Unarmed Combat
 - Level 2.0 Spellcasting
 + Level 2.0 Transmutations


You had 4 spell levels left.
You knew the following spells:

 Your Spells              Type           Power        Failure   Level  Hunger
a - Beastly Appendage     Tmut           #.....       12%         1    ##.....
b - Sticks to Snakes      Tmut           #.......     17%         2    ###....


Dungeon Overview and Level Annotations

Branches:
Dungeon (3/15)

Altars:

Annotations:
D:3 Grinder


Innate Abilities, Weirdness & Mutations

Your plain brown scales are hard. (AC +5)
You cannot fit into any form of body armour.
You are cold-blooded and may be slowed by cold attacks.


Message History

You barely miss Grinder.
Grinder is severely wounded.
Grinder hits you but does no damage.
You hit Grinder but do no damage.
Grinder is severely wounded.
You hit Grinder but do no damage.
Grinder is severely wounded.
Grinder hits you but does no damage.
You hit Grinder.
Grinder is severely wounded.
Grinder gestures at you.
You suddenly lose the ability to move!
Your extra speed is starting to run out.
Grinder blinks!
Grinder gestures at you. You resist with significant effort.
You feel yourself slow down.
You can move again.
You feel agile all of a sudden. Grinder hits you!
You die...

#. #.## #....#
. #.####.#
#....# ..
#......#
#....#
...#)..####
###.##
.........##
..#
.##.......##
># #.###.#..#
# #....######
#...#.@.......
###...5...####
###.....#
#..##... ...#
....# ..#.#
###.. ###.# ##
#.#


You could see Grinder.

Vanquished Creatures
  4 adders
  An ooze (D:2)
  2 dart slugs
  2 leopard geckos (D:2)
  A ball python (D:1)
  A giant cockroach (D:1)
  3 goblins
  4 hobgoblins
  A quokka (D:2)
  3 bats
  3 frilled lizards (D:2)
  3 kobolds
  9 rats
37 creatures vanquished.

Notes
Turn   | Place    | Note
-------+----------+-------------------------------------------
     0 | D:1      | esteth the Draconian Transmuter began the quest for the Orb.
     0 | D:1      | Reached XP level 1. HP: 16/16 MP: 3/3
   520 | D:1      | Reached XP level 2. HP: 23/23 MP: 5/5
  1087 | D:2      | Reached skill level 4 in Unarmed Combat
  1319 | D:2      | Reached XP level 3. HP: 21/28 MP: 6/6
  1735 | D:2      | Reached XP level 4. HP: 35/35 MP: 7/7
  2036 | D:3      | Reached skill level 5 in Unarmed Combat
  2043 | D:3      | Learned a level 2 spell: Sticks to Snakes
  2073 | D:3      | Noticed Grinder
  2083 | D:3      | Paralysed by Grinder for 7 turns
  2100 | D:3      | Paralysed by Grinder for 6 turns
  2108 | D:3      | Slain by Grinder

Vault maps used:
D:1:      lightli_arrival_lavapool, minmay_pentomino_q4
D:2:      first_bread
D:3:      grunt_gozag_statues, uniq_grinder

Skill      XL: |  1  2  3  4 |
---------------+-------------+-----
Unarmed Combat | 4 5 |  5.0
Fighting       | |  1.1
Dodging        | |  1.7
Spellcasting   | |  2.0
Transmutations | |  2.0

Action                   |  1- 3 |  4- 6 || total
-------------------------+-------+-------++-------
Melee: Unarmed           |   121 |    25 ||   146
       Tailslap          |    11 |     4 ||    15
       Punch             |     1 |       ||     1
  Use: Scroll            |     8 |       ||     8
       Potion            |     1 |     3 ||     4
 Stab: Sleeping          |       |     1 ||     1
  Eat: Chunk             |     3 |     1 ||     4
Armor: Skin              |    39 |     7 ||    46
Dodge: Dodged            |    75 |     9 ||    84
